 Dungeon Crawl Stone Soup version 0.29-a0-384-g6960b1960d (webtiles) character file.

Game seed: 5959442883753304969

86595 leviel the Severer (level 15, -39/134 (137) HPs)
             Began as a Hill Orc Fighter on May 8, 2022.
             Was the Champion of Makhleb.
             Annihilated by an enormous slime creature (58 damage)
             ... on level 13 of the Dungeon.
             The game lasted 00:43:22 (21516 turns).

leviel the Severer (Hill Orc Fighter)              Turns: 21516, Time: 00:43:23

HP:   -39/134 (137) AC: 29    Str: 34    XL:     15   Next: 87%
MP:   26/26         EV:  9    Int: 11    God:    Makhleb [******]
Gold: 2877          SH: 12    Dex:  6    Spells: 14/14 levels left

rFire   + . .      SeeInvis .   n - +7 trident "Juovaxad" {freeze, Fly Str+3 Int+3 Dex-4}
rCold   . . .      Faith    .   a - +1 kite shield {reflect}
rNeg    . . .      Spirit   .   D - +5 ring mail {rF+}
rPois   +          Reflect  +   (no helmet)
rElec   .          Harm     .   A - +2 cloak {rPois}
rCorr   .          Rampage  .   x - +2 pair of gloves
Will    +++..                   s - +2 pair of boots of the Vaults {Will+ Regen+ Str+6}
Stlth   ..........              C - amulet of regeneration
HPRegen 1.92/turn               q - +4 ring of protection
MPRegen 0.20/turn               e - ring of willpower

@: flying, lightly drained, unable to read
A: iridescent scales 1, weak 1, inability to read while threatened
a: Renounce Religion, Minor Destruction, Lesser Servant of Makhleb, Major
Destruction, Greater Servant of Makhleb


You were on level 13 of the Dungeon.
You worshipped Makhleb.
Makhleb was exalted by your worship.
You visited 5 branches of the dungeon, and saw 23 of its levels.
You also visited: Sewer, Bailey and Volcano.

You collected 3649 gold pieces.
You spent 772 gold pieces at shops.

Inventory:

Hand Weapons
 i - a +2 broad axe of flaming
 n - the +7 trident "Juovaxad" (weapon) {freeze, Fly Str+3 Int+3 Dex-4}
   (You found it on level 10 of the Dungeon)

   It freezes those it strikes, dealing additional cold damage.
   It can also slow down cold-blooded creatures.
   Str:       It affects your strength (+3).
   Int:       It affects your intelligence (+3).
   Dex:       It affects your dexterity (-4).
   Fly:       It grants you flight.
 u - a +4 vorpal war axe
 z - a +1 war axe of electrocution
 B - a +3 demon whip of protection
Armour
 a - a +1 kite shield of reflection (worn)
 l - the +0 hat of Silephig {rC++}
   (You bought it in a shop on level 2 of the Orcish Mines)

   rC:        It greatly protects you from cold.
 s - the +2 pair of boots of the Vaults (worn) {Will+ Regen+ Str+6}
   (You acquired it on level 6 of the Dungeon)

   Str:       It affects your strength (+6).
   Regen:     It increases your rate of health regeneration.
   Will:      It increases your willpower.
 x - a +2 pair of gloves (worn)
 y - a +2 cloak of fire resistance
 A - a +2 cloak of poison resistance (worn)
 D - a +5 ring mail of fire resistance (worn)
Jewellery
 e - a ring of willpower (right hand)
 q - a +4 ring of protection (left hand)
 t - a ring of protection from cold
 C - an amulet of regeneration (around neck)
 G - a +6 ring of strength
 L - a ring of positive energy
 M - a +6 ring of dexterity
 P - a +4 ring of protection
Wands
 c - a wand of paralysis (3)
 o - a wand of flame (33)
 v - a wand of digging (21)
 J - a wand of iceblast (5)
Scrolls
 b - 4 scrolls of poison
 d - 2 scrolls of fear
 f - 7 scrolls of fog
 j - a scroll of identify {@r1}
 w - 5 scrolls of teleportation
 E - a scroll of magic mapping
 I - 4 scrolls of blinking
Potions
 g - 2 potions of resistance
 h - 2 potions of cancellation
 k - 3 potions of flight
 m - 2 potions of curing
 p - 2 potions of brilliance
 r - 3 potions of haste
 K - a potion of heal wounds
 N - 2 potions of berserk rage
 O - a potion of might
Miscellaneous
 F - a lightning rod (4/4)
 H - a condenser vane


   Skills:
 + Level 13.8 Fighting
 - Level 15.5(17.5) Axes
 + Level 6.4(10.6) Maces & Flails
 * Level 9.6(12.7) Polearms
 + Level 12.8 Armour
 + Level 12.7 Shields
 - Level 15.0 Invocations
 + Level 5.6 Evocations


You had 14 spell levels left.
You didn't know any spells.
Your spell library contained the following spells:

 Spells                   Type           Power      Damage    Failure   Level
 Animate Skeleton         Necr           0%         N/A       65%         1
 Apportation              Tloc           0%         N/A       65%         1
 Pain                     Necr           0%         1d4       65%         1
 Shock                    Conj/Air       0%         1d3       65%         1
 Summon Small Mammal      Summ           0%         N/A       65%         1
 Static Discharge         Conj/Air       0%         N/A       78%         2
 Dazzling Flash           Conj/Hex       0%         N/A       95%         3
 Stone Arrow              Conj/Erth      0%         3d7       95%         3
 Summon Guardian Golem    Hex/Summ       0%         N/A       95%         3
 Vampiric Draining        Necr           0%         2d6       95%         3
 Airstrike                Air            0%         N/A       100%        4
 Animate Armour           Summ/Erth      0%         N/A       100%        4
 Dispel Undead            Necr           0%         3d6       100%        4
 Sticky Flame             Conj/Fire      0%         2d3       100%        4
 Agony                    Necr           0%         N/A       100%        5
 Silence                  Hex/Air        0%         N/A       100%        5
 Orb of Destruction       Conj           0%         9d5       100%        7
 Spellforged Servitor     Conj/Summ      0%         N/A       100%        7
 Storm Form               Tmut/Air       0%         N/A       100%        7
 Lehudib's Crystal Spear  Conj/Erth      0%         10d2      100%        8
 Maxwell's Capacitive Co  Air            0%         ∞         100%        8


Dungeon Overview and Level Annotations

Branches:
Dungeon (13/15)            Temple (1/1) D:4            Lair (6/6) D:10
 Shoals (1/4) Lair:2        Snake (0/4) Lair:4        Slime (0/5) Lair:6
    Orc (2/2) D:10            Elf (0/3) Orc:2         Sewer (visited)
 Bailey (visited)         Volcano (visited)
 Vaults: D:13-14

Altars:
Ashenzari
Cheibriados
Dithmenos
Elyvilon
Fedhas
Gozag
Hepliaklqana
Kikubaaqudgha
Makhleb
Nemelex Xobeh
Okawaru
Qazlal
Ru
Sif Muna
Trog
Uskayaw
Vehumet
Wu Jian
Xom
Yredelemnul
Zin
The Shining One
Beogh

Shops:
D:7 *   Orc:2 [*[[*=(

Annotations:
Shoals:1 Frances


Innate Abilities, Weirdness & Mutations

You are partially covered in iridescent scales. (AC +2)
You are weak. (Str -2)
You sometimes lose the ability to read scrolls when taking damage.


Message History

The slime creature hits you but does no damage.
The enormous slime creature attacks as you move away!
You block the enormous slime creature's attack.
The enormous slime creature attacks as you move away!
The enormous slime creature hits you!!!
You feel threatened and lose the ability to read scrolls!
The slime creature attacks as you move away!
You block the slime creature's attack.
You puncture the enormous slime creature!
You freeze the enormous slime creature!
The enormous slime creature is severely wounded.
The slime creature hits you. The enormous slime creature hits you!!!
* * * LOW HITPOINT WARNING * * *
You puncture the enormous slime creature!
You freeze the enormous slime creature.
The enormous slime creature is severely wounded.
The vampire mosquito bites you but does no damage.
The vampire mosquito barely misses you.
You hit the enormous slime creature. You freeze the enormous slime creature.
The enormous slime creature is severely wounded.
The vampire mosquito bites you but does no damage.
You block the slime creature's attack.
You block the enormous slime creature's attack.
The vampire mosquito bites you but does no damage.
You hit the enormous slime creature. You freeze the enormous slime creature.
The enormous slime creature is severely wounded.
You block the vampire mosquito's attack. x2
You block the slime creature's attack.
The enormous slime creature hits you but does no damage.
The vampire mosquito barely misses you.
You puncture the enormous slime creature!
You freeze the enormous slime creature.
The enormous slime creature is severely wounded.
The vampire mosquito bites you but does no damage.
You block the vampire mosquito's attack.
The vampire mosquito bites you but does no damage.
The slime creature hits you.
* * * LOW HITPOINT WARNING * * *
The enormous slime creature hits you!!!
You die...

..# #...##### #..# #..#
##............# #..#
#..# ##..^..... ....#
#..# #..#####......#
...## #..#
#...........## #...#
#..# ##....)......##
##...# #..#
#########....#####....#
##..#
##.Jyy........###.<.#
##J@..!..<....#....#
#............†....#
##........)........#
#.....###......)...#
#########...###
#####.......
#....))....># ##......
##....##....# #..###.
##..####...# #..# ##
#### ##..# ##.## #


You could see an enormous slime creature, a slime creature and 2 vampire
mosquitoes.

Vanquished Creatures
  Donald (Orc:1)
  2 rakshasas
  Josephine (Lair:6)
  2 vault guards (Bailey)
  Erolcha (D:13)
  3 boulder beetles (D:11)
  8 hydras
  A catoblepas (Lair:6)
  2 two-headed ogres
  5 centaur warriors
  A death yak (Lair:5)
  2 tengu warriors (D:13)
  4 orc high priests (Orc:2)
  Sonja (D:13)
  Amaemon (Lair:2)
  Nergalle (D:10)
  A goliath frog (Lair:6)
  4 sea snakes (Shoals:1)
  4 harpies
  A deep elf pyromancer (D:12)
  2 lindwurms (Volcano)
  An orc knight (Orc:1)
  4 manticores
  An orc sorcerer (Orc:2)
  12 slime creatures
  2 ugly things (D:11)
  2 wolf spiders (Lair:5)
  6 elephants (Lair:2)
  A cyclops (D:12)
  6 black mambas
  An orange demon (Lair:2)
  A molten gargoyle (Volcano)
  A gargoyle (D:13)
  An unseen horror (D:11)
  20 cane toads
  Psyche (D:10)
  Maggie (D:8)
  A cane toad (shapeshifter) (D:11)
  3 efreet (Volcano)
  A torpor snail (Lair:5)
  A rime drake (Lair:2)
  10 komodo dragons
  A tengu conjurer (D:13)
  6 trolls
  5 merfolk (Shoals:1)
  3 meliai (D:11)
  2 wind drakes (Shoals:1)
  A polar bear (Lair:5)
  Prince Ribbit (D:8)
  A tarantella (shapeshifter) (D:10)
  A hornet (D:10)
  26 blink frogs
  2 tyrant leeches (Lair:6)
  A dream sheep (Lair:5)
  A centaur simulacrum (D:11)
  3 shadows
  4 humans (Bailey)
  4 fire elementals (Volcano)
  5 wyverns
  47 yaks
  A steam dragon (D:10)
  6 wraiths
  A basilisk (shapeshifter) (D:13)
  6 basilisks
  7 vampire mosquitoes
  4 wargs
  11 water moccasins
  6 nagas (Lair:4)
  4 acid dragons
  27 orc warriors
  6 ogres
  A boggart (D:10)
  6 black bears
  28 wolves
  9 centaurs
  A phantom (D:6)
  4 kobold brigands
  31 bullfrogs
  5 earth elementals (Volcano)
  2 necrophages
  2 scorpions (D:6)
  5 gnoll sergeants
  5 wights (D:10)
  2 electric eels (Lair:6)
  6 howler monkeys
  A gnoll shaman (D:8)
  9 jellies
  3 hounds
  28 orc priests
  Crazy Yiuf (D:4)
  25 orc wizards
  5 hell rats (Lair:5)
  10 adders
  9 gnolls
  A river rat (Sewer)
  3 shadow imps
  An ufetubus (D:6)
  A worm (D:2)
  2 dart slugs
  97 orcs
  9 endoplasms
  7 giant cockroaches
  12 goblins
  2 hobgoblins (Bailey)
  6 jackals (D:1)
  12 kobolds
  4 quokkas
  11 ball pythons
  7 bats
  9 frilled lizards
  5 rats
  A butterfly (Lair:4)
  3 fire vortices (Volcano)
709 creatures vanquished.

Vanquished Creatures (collateral kills)
  A black bear (D:9)
  An orc wizard (D:10)
2 creatures vanquished.

Vanquished Creatures (others)
  A blink frog (Lair:6)
  A vampire mosquito (Lair:6)
  54 fungi
  119 plants
175 creatures vanquished.

Grand Total: 886 creatures vanquished

Notes
Turn   | Place    | Note
-------+----------+-------------------------------------------
     0 | D:1      | leviel the Hill Orc Fighter began the quest for the Orb.
     0 | D:1      | Reached XP level 1. HP: 19/19 MP: 1/1
   107 | D:1      | Reached XP level 2. HP: 25/27 MP: 2/2
   350 | D:1      | Reached XP level 3. HP: 18/33 MP: 3/3
  1396 | D:2      | Found a faded altar of an unknown god.
  1477 | D:2      | Reached XP level 4. HP: 40/40 MP: 4/4
  2055 | D:3      | Reached XP level 5. HP: 37/47 MP: 5/5
  2752 | D:4      | Found a runed translucent door.
  2753 | D:4      | Noticed Crazy Yiuf
  3158 | D:4      | Found a staircase to the Ecumenical Temple.
  3419 | Temple   | Entered the Ecumenical Temple
  3609 | Temple   | Became a worshipper of Makhleb the Destroyer
  3740 | D:4      | Killed Crazy Yiuf
  3741 | D:4      | Reached skill level 5 in Fighting
  3777 | D:5      | Entered Level 5 of the Dungeon
  3829 | D:5      | Reached XP level 6. HP: 45/56 MP: 6/6
  3898 | D:5      | Noticed a water moccasin
  3912 | D:5      | Killed a water moccasin
  3913 | D:5      | Reached skill level 1 in Invocations
  4136 | D:5      | Found a glowing drain.
  4161 | Sewer    | Entered a sewer
  4171 | Sewer    | Reached skill level 5 in Axes
  4336 | Sewer    | Reached XP level 7. HP: 59/61 MP: 8/8
  4401 | Sewer    | Reached * piety under Makhleb
  4418 | Sewer    | Reached skill level 5 in Shields
  4726 | D:5      | Reached skill level 5 in Armour
  5020 | D:5      | Identified a scroll of acquirement
  5020 | D:5      | Acquired 821 gold pieces
  5394 | D:6      | Found a radiant altar of Vehumet.
  5443 | D:6      | Reached XP level 8. HP: 63/70 MP: 10/10
  5566 | D:6      | Found a stormy altar of Qazlal.
  5802 | D:6      | Gained mutation: You are occasionally teleported next to
                  | monsters. [potion of mutation]
  5802 | D:6      | Gained mutation: You sometimes lose the ability to read
                  | scrolls when taking damage. [potion of mutation]
  5802 | D:6      | Gained mutation: You have a beak for a mouth. [potion of
                  | mutation]
  6045 | D:6      | Acquired the +2 pair of boots of the Vaults {Will+ Regen+
                  | Str+6}
  6123 | D:7      | Noticed a wyvern
  6141 | D:7      | Killed a wyvern
  6304 | D:7      | Found Tevownur's Assorted Antiques.
  6317 | D:7      | Bought a scroll labelled DAOJYU ANINAXE for 22 gold pieces
  6317 | D:7      | Bought a jade ring for 110 gold pieces
  6317 | D:7      | Bought a glowing war axe for 143 gold pieces
  6412 | D:7      | Reached ** piety under Makhleb
  6649 | D:7      | Reached XP level 9. HP: 78/78 MP: 12/12
  6703 | D:7      | Reached skill level 5 in Invocations
  6878 | D:8      | Noticed Maggie
  6894 | D:8      | Killed Maggie
  7056 | D:8      | Found a flagged portal.
  7071 | Bailey   | Entered a bailey
  7117 | Bailey   | Noticed a vault guard
  7125 | Bailey   | Killed a vault guard
  7126 | Bailey   | Reached skill level 10 in Axes
  7128 | Bailey   | Reached XP level 10. HP: 69/88 MP: 14/14
  7190 | Bailey   | Noticed a vault guard
  7202 | Bailey   | Killed a vault guard
  7528 | D:8      | Noticed Prince Ribbit
  7536 | D:8      | Killed Prince Ribbit
  8218 | D:9      | Found an ancient bone altar of Kikubaaqudgha.
  8220 | D:9      | Found a white marble altar of Elyvilon.
  8221 | D:9      | Found a sparkling altar of Nemelex Xobeh.
  8223 | D:9      | Found a sacrificial altar of Ru.
  8224 | D:9      | Found a glowing silver altar of Zin.
  8224 | D:9      | Found an iron altar of Okawaru.
  8224 | D:9      | Found a hide-covered altar of Uskayaw.
  8225 | D:9      | Found a basalt altar of Yredelemnul.
  8742 | D:9      | Got the Tome of Air
  9066 | D:9      | Reached *** piety under Makhleb
  9105 | D:9      | Found a roughly hewn altar of Beogh.
  9188 | D:9      | Noticed a two-headed ogre
  9289 | D:9      | Killed a two-headed ogre
  9290 | D:9      | Reached XP level 11. HP: 83/97 MP: 17/17
  9596 | D:10     | Entered Level 10 of the Dungeon
  9602 | D:10     | Noticed Nergalle
  9613 | D:9      | HP: 2/97 [komodo dragon (16)]
  9691 | D:10     | Killed Nergalle
  9708 | D:10     | Found a staircase to the Orcish Mines.
  9810 | D:10     | Reached **** piety under Makhleb
  9990 | D:10     | Paralysed by a hornet for 3 turns
 10076 | D:10     | Noticed a centaur warrior
 10076 | D:10     | Noticed an eight-headed hydra
 10076 | D:10     | Noticed a tengu warrior
 10076 | D:10     | Noticed a centaur warrior
 10076 | D:10     | Noticed a centaur warrior
 10133 | D:10     | Killed a centaur warrior
 10134 | D:10     | Reached skill level 10 in Fighting
 10136 | D:10     | Killed a five-headed hydra
 10201 | D:10     | Killed a centaur warrior
 10202 | D:10     | Reached XP level 12. HP: 93/106 MP: 19/19
 10254 | D:10     | Identified the +7 trident "Juovaxad" {freeze, Fly Str+3
                  | Int+3 Dex-4}
 10336 | D:10     | Reached skill level 1 in Polearms
 10588 | D:10     | Noticed Psyche
 10605 | D:10     | Killed Psyche
 10654 | D:10     | Found a staircase to the Lair.
 10685 | D:10     | Killed a centaur warrior
 10880 | Lair:1   | Entered Level 1 of the Lair of Beasts
 10894 | Lair:1   | Reached skill level 10 in Invocations
 10987 | D:8      | Lost mutation: You have a beak for a mouth. [potion of
                  | mutation]
 10987 | D:8      | Lost mutation: You are occasionally teleported next to
                  | monsters. [potion of mutation]
 10987 | D:8      | Lost mutation: You sometimes lose the ability to read
                  | scrolls when taking damage. [potion of mutation]
 10987 | D:8      | Gained mutation: You sometimes lose the ability to read
                  | scrolls when taking damage. [potion of mutation]
 10987 | D:8      | Gained mutation: You possess an exceptional clarity of
                  | mind. [potion of mutation]
 10987 | D:8      | Gained mutation: You are weak. (Str -2) [potion of
                  | mutation]
 10987 | D:8      | Gained mutation: You are partially covered in iridescent
                  | scales. (AC +2) [potion of mutation]
 11737 | Lair:2   | Reached skill level 10 in Armour
 11737 | Lair:2   | Reached ***** piety under Makhleb
 11742 | Lair:2   | Reached skill level 10 in Shields
 11829 | Lair:2   | Found a staircase to the Shoals.
 11855 | Lair:2   | Noticed Amaemon
 11866 | Lair:2   | Killed Amaemon
 12062 | Lair:2   | Reached skill level 15 in Axes
 12088 | Lair:2   | Reached XP level 13. HP: 108/116 MP: 21/21
 13311 | Lair:3   | Reached skill level 5 in Polearms
 14186 | Lair:4   | Found a staircase to the Snake Pit.
 14303 | Lair:4   | Reached skill level 1 in Maces & Flails
 14612 | Lair:5   | Found a dark tunnel.
 14619 | Volcano  | Entered a volcano
 14646 | Volcano  | Reached skill level 1 in Evocations
 14778 | Volcano  | Reached ****** piety under Makhleb
 14941 | Lair:5   | Reached XP level 14. HP: 117/118 MP: 23/23
 15852 | Lair:6   | Entered Level 6 of the Lair of Beasts
 16412 | Lair:6   | Found a staircase to the Slime Pits.
 16506 | Lair:6   | Noticed Josephine
 16517 | Lair:6   | Killed Josephine
 16555 | Lair:6   | Identified the +1 ring mail of Nuxzyma {Drain +Blink rCorr}
 16927 | Orc:1    | Entered Level 1 of the Orcish Mines
 16973 | Orc:1    | Found a roughly hewn altar of Beogh.
 17149 | Orc:2    | Entered Level 2 of the Orcish Mines
 17337 | Orc:2    | Found Ycaqyoff's Jewellery Boutique.
 17382 | Orc:2    | Found a staircase to the Elven Halls.
 17581 | Orc:2    | Noticed Donald
 17600 | Orc:1    | Killed Donald
 17968 | Orc:2    | Lost mutation: You possess an exceptional clarity of mind.
                  | [a neqoxec]
 18157 | Orc:2    | Found Vuopogeb's Antique Armour Boutique.
 18369 | Orc:2    | Reached XP level 15. HP: 127/130 MP: 25/25
 18419 | Orc:2    | Found Lir Usen's Armour Shoppe.
 18419 | Orc:2    | Found Ruotos Siy's General Store.
 18420 | Orc:2    | Found Aseucwij's Armour Emporium.
 18424 | Orc:2    | Found Uqiolum's Assorted Antiques.
 18432 | Orc:2    | Bought a wand of paralysis (3) for 60 gold pieces
 18434 | Orc:2    | Bought a polished hat for 315 gold pieces
 18434 | Orc:2    | Identified the +0 hat of Silephig {rC++} (You bought it in
                  | a shop on level 2 of the Orcish Mines)
 18434 | Orc:2    | Bought a scroll of poison for 122 gold pieces
 18646 | Orc:2    | Found Dydwel's Weapon Shop.
 19228 | Shoals:1 | Entered Level 1 of the Shoals
 19257 | Shoals:1 | Reached skill level 5 in Maces & Flails
 19393 | Shoals:1 | Noticed Frances
 19445 | Shoals:1 | HP: 4/136 [soul eater/drain life[Frances] (20)]
 19465 | Shoals:1 | HP: 5/129 [smoke demon/ball of steam[Frances] (6)]
 19472 | Shoals:1 | HP: 4/129 [smoke demon/divine providence[Frances] (11)]
 19586 | Shoals:1 | HP: 6/132 [harpy (7)]
 19589 | Shoals:1 | HP: 2/132 [harpy (5)]
 19918 | D:11     | Reached skill level 15 in Invocations
 20284 | D:11     | Reached skill level 5 in Evocations
 21304 | D:13     | Noticed Erolcha
 21354 | D:13     | Killed Erolcha
 21479 | D:13     | Noticed Sonja
 21484 | D:13     | Killed Sonja
 21516 | D:13     | Annihilated by an enormous slime creature

Illustrated notes

Levels and vault maps discovered:
D:1:      dpeg_chamrin_arrival_tetris, layout_basic
D:2:      layout_basic, chequers_ecumenical_altar_simple
D:3:      layout_loops_ring, minmay_misc_feat_five
D:4:      layout_basic, minmay_temple_entry_glassed_door, serial_park_tiny_pond,
          chequers_arboretum, uniq_crazy_yiuf_cottage
D:5:      layout_rooms, gup_sewer_entry_pipe, lemuel_another_geyser
D:6:      layout_basic, old_standard_altar, mainiacjoe_overflow_paths
D:7:      layout_loops_cross, serial_shops, nicolae_shop_statue_plus
D:8:      layout_basic, enter_bailey_1, uniq_maggie, uniq_prince_ribbit1
D:9:      layout_loops_corners, grunt_temple_overflow_open, special_room
          [special_room_orc]
D:10:     minmay_cut_squares, layout_long_grid, due_lair_maze_entry_diamond,
          kennysheep_orc_monster_closet_entryway, uniq_nergalle, uniq_psyche
D:11:     layout_loops_ring, minmay_shattered_shrine
D:12:     nicolae_cairo_tiling_large, layout_rooms
D:13:     layout_layer_cave, serial_shops, nicolae_diamond_shop, uniq_erolcha,
          uniq_sonja
Temple:   hc_temple_tempest_star
Lair:1:   layout_roguey, beast_lair_carwin_6, grunt_megastairs_4
Lair:2:   layout_gridlike, minmay_shoals_entry_centaurs, uniq_amaemon
Lair:3:   layout_regular_city
Lair:4:   layout_long_grid, minmay_snake_entry_guardpost_large,
          serial_bayou_shore_b, serial_bayou_shore_b, lemuel_fruit_fields,
          infiniplex_staircase_pool
Lair:5:   nzn_winding_woodlands_three_and_one
          [nzn_winding_woodlands_5x15_longhouse,
          nzn_winding_woodlands_5x15_sidewinder,
          nzn_winding_woodlands_5x15_zeroes,
          nzn_winding_woodlands_center_diamonds], layout_loops_ring,
          nicolae_volcano_entry_hallway, nicolae_lair_run_with_the_wolves,
          serial_bayou_shore_b
Lair:6:   minmay_lair_end_frog_pond, layout_concentric_octagons,
          nicolae_slime_entry_slimehenge, uniq_josephine
Shoals:1: layout_shoals, serial_shops, nicolae_shop_waterfront, uniq_frances
Orc:1:    layout_caves, basic_altar
Orc:2:    st_orc_mages, layout_caves, serial_shops, shop, shop_fountains,
          nicolae_shop_bloodbath_and_beyond, mines2_lemuel, uniq_donald

Skill      XL: |  1  2  3  4  5  6  7  8  9 10 11 12 13 14 15 |
---------------+----------------------------------------------+-----
Axes           | 3 4 5 6 8 10 12 14 15 | 15.5
Fighting       | 4 5 6 7 9 10 11 12 13 | 13.8
Armour         | 4 5 6 7 8 9 10 11 12 | 12.8
Shields        | 4 5 6 7 8 9 10 11 12 | 12.7
Invocations    | 2 3 4 6 8 9 11 12 14 15 | 15.0
Polearms       | 4 6 7 9 |  9.6
Maces & Flails | 2 4 6 |  6.4
Evocations     | 1 4 5 |  5.6

Action                   |  1- 3 |  4- 6 |  7- 9 | 10-12 | 13-15 || total
-------------------------+-------+-------+-------+-------+-------++-------
Melee: War axe           |    93 |   194 |   186 |   293 |       ||   766
       Peck              |       |       |    17 |    68 |       ||    85
       Broad axe         |       |       |       |    19 |    13 ||    32
       Trident           |       |       |       |   251 |  1645 ||  1896
Invok: Lesser Servant of |       |       |       |     2 |       ||     2
  Use: Potion            |     1 |     1 |     6 |    16 |    16 ||    40
       Scroll            |     2 |     8 |     9 |     9 |     8 ||    36
 Stab: Invisible         |       |       |       |     5 |       ||     5
       Distracted        |       |       |       |     1 |       ||     1
       Sleeping          |       |       |       |       |     1 ||     1
Armor: Scale mail        |    63 |    79 |   102 |   183 |       ||   427
       Ring mail         |       |       |       |   135 |  1080 ||  1215
Dodge: Dodged            |    51 |    74 |    75 |   241 |   668 ||  1109
Block: Buckler           |    15 |    38 |    53 |   182 |   326 ||   614
       Kite shield       |       |       |       |       |   425 ||   425
       Reflection        |       |       |       |       |    20 ||    20

Table legend: (Time is in decaauts)
 A = Elapsed time spent in this place.
 B = Non-inter-level travel time spent in this place.
 C = Inter-level travel time spent in this place.
 D = Time resting spent in this place.
 E = Time spent auto-exploring this place.
 F = Levels seen in this place.
 G = Mean time per level.
                   A        B        C        D        E       F      G
               +--------+--------+--------+--------+--------+-----+--------+
         Total |  21285 |  19684 |   1601 |   1310 |  13683 |  26 |  818.7 |
       Dungeon |  11985 |  11284 |    701 |    619 |   8351 |  13 |  921.9 |
        Temple |    202 |    187 |     15 |      0 |    176 |   1 |  202.0 |
          Lair |   5667 |   4973 |    694 |    102 |   3684 |   6 |  944.5 |
        Shoals |    346 |    346 |      0 |     59 |     74 |   1 |  346.0 |
  Orcish Mines |   2165 |   1975 |    190 |    520 |    921 |   2 | 1082.5 |
         Sewer |    495 |    495 |      0 |      0 |    315 |   1 |  495.0 |
        Bailey |    188 |    188 |      0 |      8 |     71 |   1 |  188.0 |
       Volcano |    234 |    234 |      0 |      0 |     90 |   1 |  234.0 |
               +--------+--------+--------+--------+--------+-----+--------+

Top non-repeatable levels by time:
     D:9: 1516 daAuts
  Lair:2: 1311 daAuts
     D:1: 1280 daAuts
    D:10: 1276 daAuts
     D:8: 1151 daAuts
   Orc:2: 1103 daAuts
     D:6: 1089 daAuts
   Orc:1: 1061 daAuts
  Lair:5: 1039 daAuts
     D:3: 1026 daAuts
  Lair:4: 884 daAuts
  Lair:6: 880 daAuts
  Lair:3: 861 daAuts
     D:5: 850 daAuts
     D:4: 847 daAuts
